 Dungeon Crawl Stone Soup version 0.31-a0-1308-ga3cce3a448 (webtiles) character file.

Game seed: 5394942209976015428

1097 Arex the Trooper (level 8, -1/55 HPs)
             Began as a Demonspawn Fighter on Dec 20, 2023.
             Was a Believer of Hepliaklqana.
             Engulfed by a steam dragon's steam (4 damage)
             ... on level 7 of the Dungeon.
             The game lasted 00:08:23 (5129 turns).

Arex the Trooper (Demonspawn Fighter)               Turns: 5129, Time: 00:08:24

Health: -1/55      AC: 15    Str: 18    XL:     8   Next: 10%
Magic:  11/11      EV: 10    Int: 12    God:    Hepliaklqana [**....]
Gold:   221        SH:  6    Dex: 20    Spells: 7/7 levels left

rFire   . . .        a - +0 war axe
rCold   . . .        c - +0 buckler
rNeg    . . .        F - +0 plate armour
rPois   .            o - +0 helmet
rElec   .            (no cloak)
rCorr   .            u - +0 pair of gloves
SInv    .            s - +0 pair of boots
Will    .....        (no amulet) Stlth
                     z - +6 ring of dexterity
HPRegen 0.29/turn    w - +5 ring of evasion
MPRegen 0.12/turn

%: no passive effects
@: no status effects
A: reduced essence, hooves 2, demonic guardian 1, powered by death 1, big brain
2
a: Renounce Religion, Recall Ancestor, Ancestor Identity


You were on level 7 of the Dungeon.
You worshipped Hepliaklqana.
Hepliaklqana was pleased with you.
You visited 2 branches of the dungeon, and saw 8 of its levels.

You collected 324 gold pieces.
You spent 103 gold pieces at shops.

Inventory:

Hand Weapons
 a - a +0 war axe (weapon)
Missiles
 C - 2 throwing nets
Armour
 b - a +0 scale mail
 c - a +0 buckler (worn)
 o - a +0 helmet (worn)
 s - a +0 pair of boots (worn)
 u - a +0 pair of gloves (worn)
 F - a +0 plate armour (worn)
Jewellery
 r - a ring of fire
 w - a +5 ring of evasion (right hand)
 z - a +6 ring of dexterity (left hand)
Wands
 n - a wand of polymorph (10)
Scrolls
 f - a scroll of noise {unknown}
 i - 2 scrolls of teleportation
 k - a scroll of enchant weapon {unknown}
 p - a scroll of vulnerability {unknown}
 q - a scroll of silence
 t - a scroll of butterflies {unknown}
 v - a scroll of poison
 y - a scroll of torment {unknown}
 A - 2 scrolls of revelation
 D - a scroll of fog
Potions
 d - a potion of might
 e - 2 potions of attraction
 g - a potion of enlightenment {unknown}
 h - 2 potions of lignification {unknown}
 j - 2 potions of brilliance
 l - a potion of resistance {unknown}
 m - 3 potions of curing
 x - 2 potions of berserk rage {unknown}
 B - a potion of heal wounds {unknown}
 E - a potion of mutation {unknown}


   Skills:
 + Level 5.3 Fighting
 + Level 4.3 Axes
 + Level 4.8 Armour
 + Level 4.8 Shields
 + Level 4.3 Invocations


You had 7 spell levels left.
You didn't know any spells.
Your spell library contained the following spells:

 Spells                   Type           Power      Damage    Failure   Level
 Magic Dart               Conj           0%         1d3       100%        1
 Call Imp                 Summ           0%         N/A       100%        2
 Sublimation of Blood     Necr           0%         N/A       100%        2
 Wereblood                Tmut           0%         N/A       100%        2
 Mephitic Cloud           Conj/Pois/Air  0%         N/A       100%        3
 Summon Hydra             Summ           0%         N/A       100%        7


Dungeon Overview and Level Annotations

Branches:
Dungeon (7/15)             Temple (1/1) D:4

Altars:
Cheibriados
Dithmenos
Fedhas
Hepliaklqana
Kikubaaqudgha
Makhleb
Nemelex Xobeh
Qazlal
Sif Muna
Trog
Uskayaw
Vehumet
Xom

Shops:
D:4 *   D:5 :


Innate Abilities, Weirdness & Mutations

Your life essence is reduced to manifest your ancestor. (-10% HP)
You have hoof-like feet.
A weak demonic guardian rushes to your aid.
You regenerate a little health from kills.
You have an extremely huge brain. (Int +4)


Message History

You block the steam dragon's attack.
You barely miss the steam dragon.
The steam dragon is moderately wounded.
You are engulfed in a cloud of scalding steam.
The steam dragon bites you but does no damage.
The steam dragon claws you but does no damage.
You hit the steam dragon.
The steam dragon is heavily wounded.
You are engulfed in a cloud of scalding steam.
The steam dragon barely misses you. The steam dragon claws you.
* * * LOW HITPOINT WARNING * * *
Your iron imp barely misses the steam dragon.
You swap places.
Something bites Octavius but does no damage.
Something claws Octavius.
Something bites your iron imp but does no damage.
Something claws your iron imp but does no damage.
Something bites your iron imp.
Something claws your iron imp but does no damage.
There is a stone staircase leading up here.
You start resting.
A steam dragon is nearby!
What are your orders? t - Shout!
Orders for allies: a - Attack new target. r - Retreat! s - Stop attacking. g - Guard the area. f - Follow me.
Anything else - Cancel.
Gang up on whom?
Press: ? - help, Dir - move target, f - steam dragon
Aim: a steam dragon (heavily wounded, ally target) Attack!
The steam dragon breathes steam at you.
The ball of steam hits Octavius!
Octavius resists.
The ball of steam hits you.
* * * LOW HITPOINT WARNING * * *
You hear an angry growl.
You are engulfed in a cloud of scalding steam.
You die...

## .. .. ... .# #.#
.#...## #########
.#....# ##....5R@#
......#
#....D######D.....#
#.....'...........#
#.....######.....##
#.....# .....#
#.....# .....#
####### ######


You could see the friendly Octavius the knight and a friendly iron imp
(summoned).

Vanquished Creatures
  An ice beast (D:5)
  A sky beast (D:6)
  2 scorpions
  A howler monkey (D:6)
  A gnoll bouda (D:6)
  A jelly (D:6)
  3 iguanas
  Natasha (twice) (D:4)
  An orc wizard (D:6)
  Robin (D:2)
  7 gnolls
  3 adders (D:5)
  A shadow imp (D:6)
  3 worms (D:2)
  6 orcs
  2 bats
  4 endoplasms
  13 goblins
  7 hobgoblins
  2 quokkas (D:4)
  A ball python (D:1)
  5 frilled lizards
  5 kobolds
  5 rats
78 creatures vanquished.

Vanquished Creatures (collateral kills)
  A sky beast (D:7)
  A black bear (D:6)
  A gnoll sergeant (D:6)
  Natasha (D:4)
  2 orc wizards (D:6)
  An adder (D:6)
  4 gnolls
  A goblin (D:1)
  A quokka (D:5)
  A bat (D:5)
14 creatures vanquished.

Vanquished Creatures (others)
  An ancestor (D:5)
1 creature vanquished.

Grand Total: 93 creatures vanquished

Notes
Turn   | Place    | Note
-------+----------+-------------------------------------------
     0 | D:1      | Arex the Demonspawn Fighter began the quest for the Orb.
     0 | D:1      | Reached XP level 1. HP: 18/18 MP: 1/1
   516 | D:2      | Noticed Robin
   519 | D:2      | Gained mutation: A weak demonic guardian rushes to your
                  | aid. [demonic ancestry]
   519 | D:2      | Reached XP level 2. HP: 24/24 MP: 2/2
  1056 | D:1      | Reached XP level 3. HP: 27/29 MP: 3/3
  1071 | D:2      | Killed Robin
  1480 | D:3      | Found a blossoming altar of Fedhas.
  1778 | D:4      | Gained mutation: You have an unusually large brain. (Int
                  | +2) [demonic ancestry]
  1778 | D:4      | Reached XP level 4. HP: 18/36 MP: 4/4
  1948 | D:4      | Noticed Natasha
  1962 | D:4      | Killed Natasha
  1986 | D:4      | Noticed Natasha
  1997 | D:4      | Killed Natasha
  1998 | D:4      | Gained mutation: You regenerate a little health from kills.
                  | [demonic ancestry]
  1998 | D:4      | Reached XP level 5. HP: 10/42 MP: 5/5
  2032 | D:4      | Noticed Natasha
  2214 | D:4      | Killed Natasha
  2228 | D:4      | Found Tuss's Assorted Antiques.
  2234 | D:4      | Found a staircase to the Ecumenical Temple.
  2241 | D:4      | Bought a pair of gloves for 103 gold pieces
  2266 | Temple   | Entered the Ecumenical Temple
  2273 | Temple   | Became a worshipper of Hepliaklqana the Forgotten
  2354 | D:4      | Reached skill level 4 in Fighting
  2605 | D:4      | Reached * piety under Hepliaklqana
  2622 | D:4      | Found a shadowy altar of Dithmenos.
  2714 | D:5      | Entered Level 5 of the Dungeon
  2766 | D:5      | Found a sparkling altar of Nemelex Xobeh.
  2871 | D:5      | Noticed an ice beast
  2882 | D:5      | Killed an ice beast
  2883 | D:5      | Reached skill level 1 in Invocations
  2883 | D:5      | Gained mutation: You have an extremely huge brain. (Int +4)
                  | [demonic ancestry]
  2883 | D:5      | Reached XP level 6. HP: 38/43 MP: 5/7
  3002 | D:5      | Found Nuov's Book Shoppe.
  4200 | D:6      | Gained mutation: You have large cloven feet. [demonic
                  | ancestry]
  4200 | D:6      | Reached XP level 7. HP: 41/49 MP: 7/9
  4278 | D:6      | Reached ** piety under Hepliaklqana
  4279 | D:6      | Remembered your ancestor Octavius as a knight
  4431 | D:6      | Reached skill level 5 in Fighting
  4927 | D:6      | Gained mutation: You have hoof-like feet. [demonic
                  | ancestry]
  4927 | D:6      | Reached XP level 8. HP: 45/55 MP: 11/11
  5129 | D:7      | Engulfed by a steam dragon's steam

Illustrated notes

Levels and vault maps discovered:
D:1:      mainiacjoe_arrival_oval_in_oval, layout_basic
D:2:      layout_basic, uniq_robin
D:3:      layout_basic, fedhas_altar_1, minmay_bisected
D:4:      layout_cave_pools, lemuel_tele_altar,
          minmay_temple_entry_drinking_statues, serial_shops, shop, uniq_natasha
D:5:      layout_basic, nemelex_xobeh_ov_fountains_minmay, nrook_loot_triangle,
          nicolae_inconvenience_store
D:6:      layout_basic, kennysheep_another_room
D:7:      layout_basic, mainiacjoe_overflow_large_starburst, serial_shops, shop,
          hangedman_abyss_or_decor_stabs, nicolae_shop_gadgets
Temple:   nicolae_temple_no_exploring_needed

Skill      XL: |  1  2  3  4  5  6  7 |
---------------+----------------------+-----
Axes           | 2 3 4 |  4.3
Armour         | 3 4 |  4.8
Shields        | 3 4 |  4.8
Fighting       | 4 5 |  5.3
Invocations    | 1 2 4 |  4.3

Action                     |  1- 3 |  4- 6 |  7- 9 || total
---------------------------+-------+-------+-------++-------
  Melee: War axe           |   126 |   126 |    78 ||   330
         Unarmed           |     3 |       |       ||     3
 Invoke: Ancestor Identity |       |     1 |       ||     1
         Ancestor Life: Kn |       |       |     1 ||     1
  Evoke: Wand              |       |     1 |       ||     1
    Use: Scroll            |     3 |     5 |       ||     8
         Potion            |       |     1 |       ||     1
   Stab: Distracted        |       |     2 |     1 ||     3
 Armour: Scale mail        |    92 |    92 |    49 ||   233
         Skin              |     3 |       |       ||     3
         Plate armour      |       |       |    22 ||    22
  Dodge: Dodged            |    59 |    89 |    47 ||   195
  Block: Buckler           |    30 |    37 |    20 ||    87

Table legend: (Time is in decaauts)
 A = Elapsed time spent in this place.
 B = Non-inter-level travel time spent in this place.
 C = Inter-level travel time spent in this place.
 D = Time resting spent in this place.
 E = Time spent auto-exploring this place.
 F = Levels seen in this place.
 G = Mean time per level.
                   A        B        C        D        E       F      G
               +--------+--------+--------+--------+--------+-----+--------+
         Total |   5268 |   5069 |    199 |    791 |   3325 |   8 |  658.5 |
       Dungeon |   5254 |   5067 |    187 |    791 |   3325 |   7 |  750.6 |
        Temple |     14 |      2 |     12 |      0 |      0 |   1 |   14.0 |
               +--------+--------+--------+--------+--------+-----+--------+

Top non-repeatable levels by time:
     D:5: 1363 daAuts
     D:6: 1035 daAuts
     D:1: 853 daAuts
     D:4: 790 daAuts
     D:3: 751 daAuts
     D:2: 390 daAuts
     D:7: 69 daAuts
  Temple: 14 daAuts
